 Dungeon Crawl Stone Soup version 0.22.0-18-ge075c0d (webtiles) character file.

199 Amnesiac the Shooter (level 5, 0/41 HPs)
             Began as a Mummy Hunter on Aug 18, 2018.
             Slain by an adder (2 damage)
             ... on level 3 of the Dungeon.
             The game lasted 00:03:06 (2094 turns).

Amnesiac the Shooter (Mummy Hunter)                 Turns: 2094, Time: 00:03:07

Health: 0/41       AC:  3    Str: 17    XL:     5   Next: 48%
Magic:  5/5        EV: 11    Int: 10    God:
Gold:   41         SH:  0    Dex: 12    Spells: 4/4 levels left

rFire    x . .     SeeInvis .   a - +1 shortbow
rCold    + . .     Gourm    .   (shield currently unavailable)
rNeg     + + +     Faith    .   c - +0 leather armour
rPois    ∞         Spirit   .   (no helmet)
rElec    .         Reflect  .   (no cloak)
rCorr    .         Harm     .   (no gloves)
MR       .....                  (no boots)
Stlth    +.........             (no amulet)
HPRegen  0.13/turn              (no ring)
MPRegen  0.09/turn              (no ring)

@: no status effects
A: no food or potions, fire vulnerability, cold resistance 1, negative energy
resistance 3, torment resistance, unbreathing
a: no special abilities


You were on level 3 of the Dungeon.
You were not hungry.

You visited 1 branch of the dungeon, and saw 5 of its levels.

You collected 41 gold pieces.

Inventory:

Hand Weapons
 a - a +1 shortbow (weapon)
 b - a +0 short sword
 g - a +0 hunting sling
Missiles
 d - 11 arrows (quivered)
 h - 32 stones
Armour
 c - a +0 leather armour (worn)
 k - a +0 pair of boots
Scrolls
 e - a scroll of enchant weapon {!r, unknown}
 f - a scroll of blinking {!r, unknown}


   Skills:
 + Level 3.6 Fighting
 * Level 5.0 Bows
 - Level 1.5 Dodging
 - Level 0.7 Stealth


You had 4 spell levels left.
You didn't know any spells.
Your spell library was empty.

Dungeon Overview and Level Annotations

Branches:
Dungeon (5/15)
 Temple: D:4-7

Altars:
The Shining One

Annotations:
D:3 Purgy
D:4 1 runed door, Curus's ghost, amateur HOAK


Innate Abilities, Weirdness & Mutations

You do not eat or drink.
Your flesh is vulnerable to fire.
You are immune to poison.
Your flesh is cold resistant. (rC+)
You are immune to negative energy. (rN+++)
You are immune to unholy pain and torment.
You can survive without breathing.


Message History

Your Bows skill increases to level 5!
The gnoll misses you.
Unknown command.
Really read
m - a scroll labeled RYPIMA DEUKKE {!r}?
As you read the scroll labeled RYPIMA DEUKKE {!r}, it crumbles to dust.
You feel aware of your surroundings.
It was a scroll of magic mapping {!r}.
Really read
l - a scroll labeled FUIREO UQYNOSE {!r}?
As you read the scroll labeled FUIREO UQYNOSE {!r}, it crumbles to dust.
You feel blessed for a moment.
It was a scroll of remove curse {!r}.
The gnoll hits you with a spear.
* * * LOW HITPOINT WARNING * * *
Really read
j - a scroll labeled DOIJ ALOAN {!r}?
As you read the scroll labeled DOIJ ALOAN {!r}, it crumbles to dust.
It is a scroll of identify.
i - a scroll of teleportation {!r} The gnoll barely misses you.
The adder hisses angrily.
Found a runed door.
The gnoll hits you from afar with a spear.
* * * LOW HITPOINT WARNING * * *
The adder hisses angrily.
Okay, then.
Found 24 stones.
Found 3 javelins and a fizzy white potion.
Found a stone staircase leading up.
There is a stone staircase leading up here.
You climb upwards.
Level annotation: Purgy
There is a stone staircase leading down here.
Really read
i - a scroll of teleportation {!r}?
As you read the scroll of teleportation {!r}, it crumbles to dust.
You feel strangely unstable.
Your surroundings suddenly seem different.
A frilled lizard comes into view.
The frilled lizard hisses angrily.
A kobold comes into view.
The kobold shouts!
You hear an angry hiss.
An orc comes into view. It is wielding a flail.
The kobold closely misses you.
The kobold throws a stone.
The stone hits you but does no damage.
You see here a stone.
The kobold throws a stone.
The stone closely misses you.
An adder comes into view.
Found a glowing golden altar of the Shining One.
An adder comes into view.
The adder hisses angrily.
The adder completely misses you. The adder bites you.
* * * LOW HITPOINT WARNING * * *
Firing (i - inventory. (/) - cycle)
d - 13 arrows (quivered)
Press: ? - help, Shift-Dir - straight line, f - adder
Aim: an adder You shoot an arrow.
The arrow hits the adder but does no damage.
The adder bites you.
* * * LOW HITPOINT WARNING * * *
Firing (i - inventory. (/) - cycle)
d - 12 arrows (quivered)
Press: ? - help, Shift-Dir - straight line, f/p - adder
Aim: an adder You shoot an arrow.
The arrow barely misses the adder.
The arrow hits the kobold.
The kobold is moderately wounded.
The adder closely misses you. The adder bites you.
You die...

.#
..###################
#.........lKS@.......
#........#######.###
.8. #...............
8.8. ##....l.#######.
._.8. ###.o..#
8.8..##(...#..#
8..##.....##.# #.
.##$.. ##......# .# #
...?......
##.......##.# ##.
#.##......


You could see an adder, a kobold and a frilled lizard.

Vanquished Creatures
  A bullfrog (D:2)
  A howler monkey (D:2)
  A worker ant (D:4)
  4 gnolls
  An adder (D:2)
  An ooze (D:1)
  A leopard gecko (D:1)
  6 bats (D:1)
  5 giant cockroaches
  A goblin (D:2)
  3 hobgoblins
  A ball python (D:1)
  A frilled lizard (D:2)
  2 kobolds (D:1)
  3 rats (D:1)
32 creatures vanquished.

Notes
Turn   | Place    | Note
-------+----------+-------------------------------------------
     0 | D:1      | Amnesiac the Mummy Hunter began the quest for the Orb.
     0 | D:1      | Reached XP level 1. HP: 16/16 MP: 1/1
   489 | D:1      | Reached XP level 2. HP: 17/22 MP: 2/2
   975 | D:2      | Noticed a howler monkey
   991 | D:2      | Killed a howler monkey
   991 | D:2      | Reached skill level 4 in Bows
   991 | D:2      | Reached XP level 3. HP: 3/28 MP: 3/3
  1085 | D:2      | Reached XP level 4. HP: 14/34 MP: 4/4
  1582 | D:2      | Noticed a bullfrog
  1584 | D:2      | Noticed an ogre
  1595 | D:2      | Killed a bullfrog
  1595 | D:2      | Reached XP level 5. HP: 5/41 MP: 5/5
  1643 | D:3      | Noticed Purgy
  1662 | D:3      | You fall through a shaft for 2 floors!
  1662 | D:5      | Entered Level 5 of the Dungeon
  1929 | D:5      | Noticed a centaur
  2021 | D:4      | Reached skill level 5 in Bows
  2058 | D:4      | Found a runed door.
  2059 | D:4      | HP: 2/41 [gnoll/spear (3)]
  2063 | D:4      | Noticed Curus's ghost (amateur HOAK)
  2080 | D:3      | Found a glowing golden altar of the Shining One.
  2093 | D:3      | HP: 2/41 [adder (3)]
  2094 | D:3      | Slain by an adder

Skill      XL: |  1  2  3  4  5 |
---------------+----------------+-----
Bows           | 4 5 |  5.0
Fighting       | 3 |  3.6
Dodging        | |  1.5
Stealth        | |  0.7

Action                   |  1- 3 |  4- 6 || total
-------------------------+-------+-------++-------
Melee: Short sword       |    75 |       ||    75
 Fire: Shortbow          |    12 |    49 ||    61
  Use: Scroll            |       |     4 ||     4
 Stab: Sleeping          |     1 |       ||     1
Armor: Leather armour    |    45 |     6 ||    51
Dodge: Dodged            |    74 |    29 ||   103
